 Dungeon Crawl Stone Soup version 0.22.1-2-g9c5b331 (webtiles) character file.

386 Fang the Chopper (level 6, -5/40 HPs)
             Began as a Gargoyle Berserker on Dec 12, 2018.
             Was an Elder of Trog.
             Slain by Blork the orc
             ... wielding a +4 glaive of chopping
              (8 damage)
             ... on level 4 of the Dungeon.
             The game lasted 00:05:22 (3490 turns).

Fang the Chopper (Gargoyle Berserker)               Turns: 3490, Time: 00:05:23

Health: -5/40      AC: 13    Str: 23    XL:     6   Next: 78%
Magic:  6/6        EV:  9    Int:  7    God:    Trog [****..]
Gold:   159        SH:  0    Dex:  9    Spells: 5/5 levels left

rFire    . . .     SeeInvis +   a - +0 hand axe
rCold    . . .     Gourm    .   (no shield)
rNeg     + . .     Faith    .   b - +0 chain mail
rPois    ∞         Spirit   .   (no helmet)
rElec    +         Reflect  .   (no cloak)
rCorr    .         Harm     .   (no gloves)
MR       +....                  (no boots)
Stlth    ..........             (no amulet)
HPRegen  0.13/turn              j - ring of see invisible
MPRegen  0.10/turn              n - ring of protection from magic

@: berserk cooldown, slowed, very slow
A: negative energy resistance 1, electricity resistance, unbreathing,
petrification resistance, rot immunity, AC +4
a: Berserk, Trog's Hand, Brothers in Arms, Renounce Religion


You were on level 4 of the Dungeon.
You worshipped Trog.
Trog was greatly pleased with you.
You were very hungry.

You visited 1 branch of the dungeon, and saw 4 of its levels.

You collected 159 gold pieces.

Inventory:

Hand Weapons
 a - a +0 hand axe (weapon)
Armour
 b - a +0 chain mail (worn)
Jewellery
 j - a ring of see invisible (left hand)
 n - a ring of protection from magic (right hand)
Wands
 s - a wand of clouds (4)
 u - a wand of acid (6)
Scrolls
 d - 2 scrolls of fear {unknown}
 e - 7 scrolls of identify {unknown}
 f - 4 scrolls of amnesia {unknown}
 g - 2 scrolls of teleportation {unknown}
 h - a scroll of fog {unknown}
 i - 2 scrolls of immolation {unknown}
 k - 3 scrolls of remove curse {unknown}
 p - a scroll of enchant weapon {unknown}
 r - a scroll of blinking {unknown}
Potions
 l - a potion of berserk rage {unknown}
 m - a potion of curing {unknown}
 o - a potion of agility
 q - a potion of degeneration {unknown}
 t - a potion of lignification {unknown}
Comestibles
 c - 6 rations


   Skills:
 + Level 5.0 Fighting
 + Level 5.1 Axes
 + Level 2.9 Armour
 + Level 2.4 Dodging
 + Level 1.0 Stealth


You had 5 spell levels left.
You didn't know any spells.
Your spell library was empty.

Dungeon Overview and Level Annotations

Branches:
Dungeon (4/15)
 Temple: D:4-7

Altars:
Ru
Trog
Yredelemnul

Annotations:
D:4 Blork the orc


Innate Abilities, Weirdness & Mutations

You are resistant to torment.
Your stone body is resilient. (AC +4)
You are immune to poison.
You resist negative energy. (rN+)
You are resistant to electric shocks. (rElec)
You can survive without breathing.
You are immune to petrification.
You are immune to rotting.


Message History

You closely miss Blork the orc. You barely miss Blork the orc.
Blork the orc hits you with a glaive of chopping.
* * * LOW HITPOINT WARNING * * *
x2 You slash Blork the orc!
Blork the orc is heavily wounded.
Blork the orc barely misses you.
You hit Blork the orc.
Blork the orc is heavily wounded.
You are no longer berserk.
You are exhausted.
You feel yourself slow down.
You closely miss Blork the orc.
Blork the orc is heavily wounded.
Blork the orc barely misses you.
You slash Blork the orc!
Blork the orc is almost dead.
Blork the orc looks satisfied for a moment.
Blork the orc hits you with a glaive of chopping!
You die...

#.. #.. #... #...
.##...#
.......#######..
......).@o....$.
.........######+##
.##...#..#.......#
%................#
########.#.####.#
#.#.# #.# #...#
#.# #...# #.# #..
#...# #.# .#..


You could see Blork the orc.

Vanquished Creatures
  An ogre (D:4)
  A hound (D:4)
  A centaur skeleton (D:3)
  Terence (D:3)
  Jessica (D:3)
  A hound skeleton (D:4)
  A worker ant zombie (D:4)
  4 adders
  5 worms
  An adder skeleton (D:4)
  6 leopard geckos
  7 orcs (D:3)
  6 giant cockroaches
  10 goblins
  9 hobgoblins
  14 jackals
  9 bats
  4 frilled lizards
  8 kobolds
  11 rats
101 creatures vanquished.

Notes
Turn   | Place    | Note
-------+----------+-------------------------------------------
     0 | D:1      | Fang the Gargoyle Berserker began the quest for the Orb.
     0 | D:1      | Reached XP level 1. HP: 14/14 MP: 1/1
     2 | D:1      | Noticed a dwarf
     2 | D:1      | Noticed a naga
     4 | D:1      | Noticed a gargoyle
     4 | D:1      | Noticed a vampire
     7 | D:1      | Noticed a halfling
     7 | D:1      | Noticed an ogre
     9 | D:1      | Noticed a spriggan
     9 | D:1      | Noticed a human
    11 | D:1      | Noticed a formicid
    11 | D:1      | Noticed a ghoul
    13 | D:1      | Noticed an octopode
    15 | D:1      | Noticed a draconian
    15 | D:1      | Noticed a tengu
    17 | D:1      | Noticed a merfolk
    19 | D:1      | Noticed an elf
    21 | D:1      | Noticed a vine stalker
    21 | D:1      | Noticed a demigod
    23 | D:1      | Noticed a troll
    23 | D:1      | Noticed a minotaur
    25 | D:1      | Noticed a felid
    27 | D:1      | Noticed a demonspawn
    27 | D:1      | Noticed a centaur
    71 | D:1      | Reached XP level 2. HP: 16/19 MP: 2/2
   507 | D:1      | Reached XP level 3. HP: 22/24 MP: 3/3
   658 | D:2      | Reached ** piety under Trog
   909 | D:2      | Reached XP level 4. HP: 17/29 MP: 4/4
  1497 | D:2      | Found a basalt altar of Yredelemnul.
  2203 | D:3      | Noticed Jessica
  2203 | D:3      | Noticed Terence
  2215 | D:3      | Killed Terence
  2215 | D:3      | Reached XP level 5. HP: 33/33 MP: 5/5
  2215 | D:3      | Killed Jessica
  2215 | D:3      | Reached *** piety under Trog
  2260 | D:3      | Found a bloodstained altar of Trog.
  2731 | D:3      | Found a sacrificial altar of Ru.
  2800 | D:3      | Reached skill level 1 in Stealth
  2883 | D:3      | Reached XP level 6. HP: 32/39 MP: 6/6
  3463 | D:4      | Reached **** piety under Trog
  3463 | D:4      | Reached skill level 5 in Axes
  3470 | D:4      | Noticed Blork the orc
  3482 | D:4      | Reached skill level 5 in Fighting
  3486 | D:4      | HP: 3/60 [Blork the orc/glaive of chopping (2)]
  3490 | D:4      | Slain by Blork the orc

Skill      XL: |  1  2  3  4  5  6 |
---------------+-------------------+-----
Axes           | 3 4 5 |  5.1
Fighting       | 4 5 |  5.0
Dodging        | 2 |  2.4
Stealth        | 1 |  1.0
Armour         | |  2.9

Action                   |  1- 3 |  4- 6 || total
-------------------------+-------+-------++-------
Melee: Hand axe          |    94 |   271 ||   365
Invok: Berserk           |     1 |     5 ||     6
  Eat: Chunk             |     1 |    12 ||    13
Armor: Animal skin       |    43 |    25 ||    68
       Leather armour    |       |    27 ||    27
       Chain mail        |       |    76 ||    76
Dodge: Dodged            |    57 |   170 ||   227
